AoeStats
← Raymckein

MegaRandom

508222566Analyzed
3v3 RM · 10d ago on Sep 21, 2026· 20m 54s· 6 players
Game mode
Random Map
Map size
Normal (6 player)
Population
200
Speed
Normal
Resources
Standard
Victory
Conquest
Starting age
Dark Age
Ending age
Imperial Age
RankedLock teamsTeams togetherTeam positionsShared explorationLock speedFull tech treeHidden civsTurbo modeCheats
Victory
Defeat
🇨🇳 Armenians · China
824
+14
🇨🇳 Georgians · China
811
+14
🇨🇳 Gurjaras · China
520
+26
🇪🇸 Vietnamese · Spain
789
-19
🇪🇸 Poles · Spain
782
-19
🇪🇸 Inca · Spain
718
-16
Tamerlane
6:12 Loom
15:28 Feudal Age
15:56 Double-Bit Axe
15:52 Horse Collar
17:57 Gold Mining
23:02 Castle Age
Gatherer
6:18 Loom
11:38 Feudal Age
16:11 Castle Age
13:54 Horse Collar
14:01 Double-Bit Axe
16:51 Scale Barding Armor
17:22 Bow Saw
17:53 Wheelbarrow
18:00 Wheelbarrow
Market Blockers
3:13 Loom
13:04 Feudal Age
17:17 Castle Age
15:54 Double-Bit Axe
15:53 Horse Collar
16:59 Fletching
18:06 Bodkin Arrow
#iNFANTES6#
3:48 Loom
12:05 Feudal Age
16:05 Forging
16:51 Bloodlines
17:25 Horse Collar
17:34 Double-Bit Axe
20:06 Castle Age
indy
13:10 Feudal Age
13:56 Man-at-Arms
15:41 Scale Mail Armor
17:39 Town Watch
Raymckein
1:50 Loom
20:11 Feudal Age
Connection lost

Rejoining the realm…

Still unreachable

The connection could not be restored.

Session expired

The server has moved on; the page needs a fresh start.